 Dungeon Crawl Stone Soup version 0.31.0-32-g396128a36d (webtiles) character file.

Game seed: 11629458045949559601

3731 CapUranus the Cleaver (level 10, -4/88 HPs)
             Began as a Hill Orc Fighter on Apr 22, 2024.
             Was an Initiate of Gozag.
             Slain by a spriggan
             ... wielding a +0 trident
              (16 damage)
             ... in a bailey.
             The game lasted 00:20:15 (7275 turns).

CapUranus the Cleaver (Hill Orc Fighter)            Turns: 7275, Time: 00:20:16

Health: -4/88      AC:  8    Str: 24    XL:     10   Next: 14%
Magic:  10/10      EV: 17    Int:  8    God:    Gozag
Gold:   796        SH:  5    Dex: 10    Spells: 9/9 levels left

rFire   . . .        y - +2 war axe (elec)
rCold   . . .        c - +0 buckler
rNeg    . . .        w - +3 leather armour "Diutzyd" {rElec}
rPois   .            (no helmet)
rElec   +            (no cloak)
rCorr   +            (no gloves)
SInv    .            u - +0 pair of boots
Will    .....        (no amulet)
Stlth   ++           f - ring of resist corrosion
HPRegen 0.34/turn    h - +5 ring of evasion
MPRegen 0.12/turn

%: no passive effects
@: gold aura
A: no striking features
a: Renounce Religion, Potion Petition, Call Merchant, Bribe Branch


You were in a bailey.
You worshipped Gozag.
Gozag was pleased with you.
You visited 2 branches of the dungeon, and saw 9 of its levels.
You also visited: Bailey.

You collected 842 gold pieces.
You paid 46 gold pieces to Gozag.

Inventory:

Hand Weapons
 a - a +0 war axe
 x - a +3 antimagic spear
 y - a +2 war axe of electrocution (weapon)
 F - a +4 sling
Armour
 b - a +0 scale mail
 c - a +0 buckler (worn)
 r - the orb of the Blind Marksman {*channel, Regen+}
   (You found it on level 3 of the Dungeon)

   Regen+:    It increases your rate of health regeneration.
 u - a +0 pair of boots (worn)
 w - the +3 leather armour "Diutzyd" (worn) {rElec}
   (You found it on level 6 of the Dungeon)

   rElec:     It insulates you from electricity.
 z - a +0 plate armour
Jewellery
 f - a ring of resist corrosion (left hand)
 h - a +5 ring of evasion (right hand)
 A - a ring of fire
 B - a ring of see invisible
Wands
 p - a wand of flame (10)
Scrolls
 g - 5 scrolls of identify {unknown}
 j - a scroll of revelation {unknown}
 l - 2 scrolls of amnesia {unknown}
 m - a scroll of brand weapon {unknown}
 o - a scroll of enchant weapon {unknown}
 q - 3 scrolls of teleportation {unknown}
 v - a scroll of silence {unknown}
 C - a scroll of fear {unknown}
 D - a scroll of fog {unknown}
Potions
 d - a potion of might
 e - a potion of heal wounds {unknown}
 i - a potion of mutation {unknown}
 k - 2 potions of curing
 n - 2 potions of invisibility {unknown}
 s - 2 potions of degeneration {unknown}
 t - 2 potions of lignification {unknown}
 E - a potion of haste {unknown}


   Skills:
 + Level 7.7 Fighting
 + Level 13.3 Axes
 + Level 5.9 Armour
 + Level 3.9 Dodging
 + Level 2.1 Stealth
 + Level 5.3 Shields


You had 9 spell levels left.
You didn't know any spells.
Your spell library contained the following spells:

 Spells                   Type           Power      Damage    Failure   Level
 Apportation              Tloc           0%         N/A       50%         1
 Jinxbite                 Hex            0%         N/A       65%         2
 Call Canine Familiar     Summ           0%         N/A       86%         3
 Sigil of Binding         Hex            0%         N/A       86%         3
 Tukima's Dance           Hex            0%         N/A       86%         3
 Dimensional Bullseye     Hex/Tloc       0%         N/A       99%         4
 Passage of Golubria      Tloc           0%         N/A       99%         4
 Alistair's Intoxication  Alch           0%         N/A       100%        5
 Yara's Violent Unravell  Hex/Alch       0%         3d3       100%        5


Dungeon Overview and Level Annotations

Branches:
Dungeon (8/15)             Temple (1/1) D:6          Bailey (1/1)
   Lair: D:8-11

Altars:
Ashenzari
Cheibriados
Dithmenos
Elyvilon
Gozag
Hepliaklqana
Kikubaaqudgha
Makhleb
Nemelex Xobeh
Okawaru
Ru
Sif Muna
Trog
Uskayaw
Vehumet
Wu Jian
Xom
Yredelemnul
Zin
The Shining One
Beogh

Annotations:
D:5 2 transporters, nitefall's ghost, novice MiBe


Message History

The spriggan misses you.
Your unstable footing causes you to fumble your attack.
The ogre misses you.
The ogre hits you from afar with a +0 halberd!
You miss the spriggan.
The spriggan is lightly wounded.
The spriggan completely misses you. The ogre barely misses you.
The ogre closely misses you.
You closely miss the spriggan.
The spriggan is lightly wounded.
The spriggan barely misses you.
You slash the spriggan!
The spriggan is severely wounded.
The spriggan completely misses you.
The ogre hits you from afar with a +0 halberd!!
You block the ogre's attack.
You slice the spriggan!! Lightning courses through the spriggan!
You kill the spriggan!
A spriggan comes into view. It is wielding a +0 trident.
The spriggan hits you from afar with a +0 spear.
You block the ogre's attack. The ogre completely misses you.
The spriggan hits you from afar with a +0 spear!
* * * LOW HITPOINT WARNING * * *
The ogre barely misses you.
Things that are here:
6 gold pieces; a +0 trident You enter the shallow water.
Moving in this stuff is going to be slow.
The spriggan shouts!
You hear two shouts!
The ogre barely misses you. The spriggan barely misses you.
The ogre is distracted by your dazzling golden aura.
You block the ogre's attack.
The ogre is no longer distracted by gold.
The ogre hits you from afar with a +0 halberd!
* * * LOW HITPOINT WARNING * * *
The spriggan closely misses you. The ogre misses you.
The spriggan hits you from afar with a +0 trident!
You die...
Your body crumbles into a pile of gold.

..# ### ♣..#
##.## #..#
##...## #..##
#.....#
#..###.....##
#..~~~..∩...#
#..~~~O.@...#
#..~~~O.....#
#..~i~i.....#
#.$~~~O.∩...#
#..###.....##
♣..## #.....#
#..# ##...##
#..# ##.##
...# ###


You could see 3 ogres and 2 spriggans.

Vanquished Creatures
  Joseph (D:8)
  Grinder (D:5)
  Sigmund (D:4)
  A spriggan (Bailey)
  A wyvern (D:8)
  A fire bat (D:7)
  The ghost of SonOfAdam the Firebug, an amateur DrFE (D:4)
  A steam dragon (D:7)
  2 orc warriors
  A sky beast (D:7)
  An ice beast (D:6)
  2 black bears (D:6)
  2 centaurs (D:7)
  2 ogres
  2 kobold brigands
  2 bullfrogs (D:7)
  2 gnoll sergeants
  2 scorpions
  7 jellies
  5 hounds
  2 bombardier beetles
  An orc priest (D:8)
  A sleepcap (D:5)
  Ijyb (D:3)
  3 iguanas
  4 orc wizards
  4 adders
  5 gnolls (D:7)
  3 shadow imps
  2 white imps
  7 ufetubi
  2 ribbon worms (D:2)
  2 dart slugs (D:1)
  34 orcs
  4 ball pythons
  5 endoplasms
  8 goblins
  12 hobgoblins
  5 jackals
  10 kobolds
  3 quokkas
  5 bats
  A frilled lizard (D:2)
  5 rats
167 creatures vanquished.

Notes
Turn   | Place    | Note
-------+----------+-------------------------------------------
     0 | D:1      | CapUranus the Hill Orc Fighter began the quest for the Orb.
     0 | D:1      | Reached XP level 1. HP: 19/19 MP: 1/1
   236 | D:1      | Reached skill level 3 in Axes
   251 | D:1      | Reached XP level 2. HP: 27/27 MP: 2/2
   438 | D:1      | Reached XP level 3. HP: 33/33 MP: 3/3
   849 | D:2      | You fall into a shaft and drop 2 floors!
   907 | D:3      | Reached skill level 4 in Axes
   907 | D:3      | Reached XP level 4. HP: 36/40 MP: 4/4
  1949 | D:3      | Noticed Ijyb
  1973 | D:3      | Killed Ijyb
  1974 | D:3      | Reached XP level 5. HP: 10/47 MP: 5/5
  2194 | D:3      | Identified the orb of the Blind Marksman {*channel, Regen+}
  2338 | D:4      | Reached skill level 5 in Axes
  2463 | D:4      | Noticed Sigmund
  2488 | D:4      | Killed Sigmund
  2489 | D:4      | Reached skill level 6 in Axes
  2489 | D:4      | Reached XP level 6. HP: 38/55 MP: 6/6
  2616 | D:4      | Found a runed translucent door.
  2617 | D:4      | Noticed SonOfAdam's ghost (amateur DrFE)
  2833 | D:5      | Entered Level 5 of the Dungeon
  2852 | D:5      | Reached skill level 5 in Fighting
  2852 | D:5      | Reached XP level 7. HP: 56/61 MP: 7/7
  2919 | D:5      | Found an ornate altar of the Wu Jian Council.
  3004 | D:5      | Reached skill level 7 in Axes
  3004 | D:5      | Reached skill level 1 in Dodging
  3035 | D:5      | Found a hazy altar of Hepliaklqana.
  3267 | D:5      | Found a transporter.
  3272 | D:5      | Noticed nitefall's ghost (novice MiBe)
  3304 | D:5      | Found a transporter.
  3311 | D:5      | Noticed Grinder
  3316 | D:5      | Paralysed by Grinder for 2 turns
  3326 | D:5      | Killed Grinder
  3375 | D:5      | Found a glowing silver altar of Zin.
  3976 | D:5      | Reached skill level 8 in Axes
  3976 | D:5      | Reached skill level 5 in Armour
  4159 | D:4      | Killed SonOfAdam's ghost
  4160 | D:4      | Reached XP level 8. HP: 7/70 MP: 8/8
  4503 | D:6      | Reached skill level 9 in Axes
  4505 | D:6      | Identified the +3 leather armour "Diutzyd" {rElec}
  4782 | D:6      | Found a snail-covered altar of Cheibriados.
  4829 | D:6      | Reached skill level 1 in Stealth
  4853 | D:6      | Found a staircase to the Ecumenical Temple.
  4862 | Temple   | Entered the Ecumenical Temple
  4867 | Temple   | Became a worshipper of Gozag Ym Sagoz the Greedy
  4983 | D:6      | Reached skill level 10 in Axes
  5178 | D:6      | Reached XP level 9. HP: 78/78 MP: 9/9
  5426 | D:6      | Found a burning altar of Makhleb.
  5648 | D:7      | Found a shimmering altar of Xom.
  5654 | D:7      | Reached skill level 5 in Shields
  5896 | D:7      | Reached skill level 11 in Axes
  6121 | D:7      | Identified the +2 robe of Uppi {rF+}
  6256 | D:7      | Found a glowing golden altar of the Shining One.
  6619 | D:7      | Reached skill level 12 in Axes
  6884 | D:8      | Found a broken altar of Ashenzari.
  6942 | D:8      | Found a roughly hewn altar of Beogh.
  7007 | D:8      | Noticed Joseph
  7009 | D:8      | Found a flagged portal.
  7019 | D:8      | Killed Joseph
  7020 | D:8      | Reached skill level 13 in Axes
  7020 | D:8      | Reached XP level 10. HP: 26/88 MP: 10/10
  7250 | Bailey   | Entered a bailey
  7275 | Bailey   | Slain by a spriggan

Illustrated notes

Levels and vault maps discovered:
D:1:      psy_arrival_fountain, layout_basic
D:2:      layout_basic
D:3:      layout_loops_ring, nicolae_concentric_dashed_squares_wild, uniq_ijyb
D:4:      layout_cave_pools, gammafunk_ghost_grave, hangedman_decor_lopped,
          uniq_sigmund
D:5:      layout_cave_pods, mainiacjoe_overflow_alcove_1,
          mainiacjoe_overflow_24_doors, overflow_temple_1_default,
          gammafunk_ghost_mausoleum, hangedman_abyss_or_decor_stabs,
          uniq_grinder
D:6:      minmay_diamond_boxcup, layout_basic,
          mainiacjoe_overflow_cross_hatched, kennysheep_mini,
          minmay_temple_entry_slanted, minmay_door_square,
          nicolae_fountain_basement
D:7:      layout_loops_ring, regret_index_xom_of_box, marbit_many_paths,
          sigmund_army
D:8:      layout_basic, cheibrodos_ashenzari_chains, special_room
          [special_room_orc], enter_bailey_2, uniq_joseph, uniq_pikel
Temple:   nicolae_temple_x_marks_the_god
Bailey:   bailey_polearm_enchanted_keep_hellmonk, bailey

Skill      XL: |  1  2  3  4  5  6  7  8  9 |
---------------+----------------------------+-----
Axes           | 3 4 6 8 10 13 | 13.3
Fighting       | 4 5 6 7 |  7.7
Armour         | 4 5 |  5.9
Shields        | 4 5 |  5.3
Dodging        | 1 2 3 |  3.9
Stealth        | 1 2 |  2.1

Action                     |  1- 3 |  4- 6 |  7- 9 | 10-12 || total
---------------------------+-------+-------+-------+-------++-------
  Melee: War axe           |    57 |   168 |   335 |    12 ||   572
    Use: Potion            |       |       |     1 |       ||     1
   Stab: Distracted        |       |       |     2 |       ||     2
         Sleeping          |       |       |     1 |       ||     1
 Armour: Scale mail        |    50 |    86 |    39 |       ||   175
         Leather armour    |       |       |   117 |    10 ||   127
  Dodge: Dodged            |    61 |   116 |   252 |    18 ||   447
  Block: Buckler           |    19 |    36 |    77 |     5 ||   137
